 Dungeon Crawl Stone Soup version 0.23.2-1-ga50397a (webtiles) character file.

Game seed: 6319159458067491666

9827 MalarOregon the Grappler (level 11, -3/104 HPs)
             Began as a Ghoul Monk on June 2, 2019.
             Was a Priest of Makhleb.
             Slain by a porcupine (5 damage)
             ... on level 2 of the Lair of Beasts.
             The game lasted 00:23:45 (12647 turns).

MalarOregon the Grappler (Ghoul Monk)              Turns: 12647, Time: 00:23:46

Health: -3/104     AC: 10    Str: 16    XL:     11   Next: 52%
Magic:  14/14      EV: 16    Int:  5    God:    Makhleb [***...]
Gold:   542        SH:  0    Dex: 14    Spells: 10/10 levels left

rFire    . . .     SeeInvis .     - Unarmed
rCold    + + .     Gourm    .   (no shield)
rNeg     + + +     Faith    .   v - +1 robe {rC+}
rPois    ∞         Spirit   .   f - +2 hat
rElec    .         Reflect  .   H - +2 cloak
rCorr    .         Harm     .   s - +0 pair of gloves
MR       .....                  A - +0 pair of boots
Stlth    ++++......             (no amulet)
HPRegen  0.00/turn              w - +3 ring of evasion
MPRegen  0.14/turn              (no ring)

@: rotting
A: rotting body, claws 1, carnivore, cold resistance 1, negative energy
resistance 3, inhibited regeneration, torment resistance, unbreathing
a: Minor Destruction, Lesser Servant of Makhleb, Renounce Religion


You were on level 2 of the Lair of Beasts.
You worshipped Makhleb.
Makhleb was most pleased with you.
You were not hungry.

You visited 3 branches of the dungeon, and saw 13 of its levels.

You collected 542 gold pieces.

Inventory:

Hand Weapons
 a - the cursed +1 mace "Wecsah" {antimagic, Dex+5, unknown}
   (You found it on level 4 of the Dungeon)

   It reduces the magical energy of the wielder, and disrupts the spells and
   magical abilities of those hit.
   Natural abilities and divine invocations are not affected.
   It affects your dexterity (+5).
   It has a curse placed upon it.
Missiles
 o - 2 throwing nets {!f}
 y - 3 exploding tomahawks
 C - 4 javelins (quivered)
Armour
 f - a +2 hat (worn)
   (You found it on level 1 of the Dungeon)
 s - a +0 pair of gloves (worn)
   (You found it on level 2 of the Dungeon)
 v - a +1 robe of cold resistance (worn)
   (You found it on level 5 of the Dungeon)
 A - a +0 pair of boots (worn)
   (You found it on level 7 of the Dungeon)
 H - a +2 cloak (worn)
   (You took it off Crazy Yiuf on level 4 of the Dungeon)
 K - a scarf of resistance
   (You found it on level 1 of the Lair of Beasts)
Jewellery
 w - a +3 ring of evasion (left hand)
   (You found it on level 4 of the Dungeon)
 E - an uncursed ring of ice {unknown}
   (You found it on level 8 of the Dungeon)
 F - an uncursed ring of protection from fire {unknown}
   (You found it on level 8 of the Dungeon)
 G - a cursed ring of teleportation {unknown}
   (You found it on level 8 of the Dungeon)
Wands
 c - a wand of enslavement (9)
   (You found it on level 6 of the Dungeon)
 t - a wand of flame (33)
   (You took it off Terence on level 3 of the Dungeon)
 x - a wand of acid (4)
   (You found it on level 9 of the Dungeon)
 z - a wand of polymorph (15)
   (You found it on level 8 of the Dungeon)
Scrolls
 d - a scroll of immolation {!r}
 g - 8 scrolls of remove curse {@r2}
 h - 4 scrolls of fog
 n - 2 scrolls of teleportation {@r4}
 p - 2 scrolls of enchant weapon
 u - 4 scrolls of identify {@r1}
 D - a scroll of amnesia {unknown}
 L - a scroll of fear
Potions
 b - a potion of mutation {unknown}
 i - a potion of haste {@q3}
 j - 6 potions of curing {@q1}
 k - a potion of flight
 l - 8 potions of heal wounds {@q2}
 m - 2 potions of ambrosia
 q - 3 potions of berserk rage {unknown}
 r - a potion of brilliance
 J - a potion of magic {unknown}
Miscellaneous
 I - 2 phantom mirrors
Comestibles
 e - 16 rations {!d}
 M - a chunk of flesh


   Skills:
 * Level 11.9 Fighting
 - Level 2.6 Dodging
 + Level 9.2 Stealth
 * Level 11.9 Unarmed Combat
 + Level 6.2 Invocations


You had 10 spell levels left.
You didn't know any spells.
Your spell library contained the following spells:

 Spells                   Type           Power        Failure   Level  Hunger
 Animate Skeleton         Necr           N/A          47%         1    ##.....
 Apportation              Tloc           #.....       47%         1    ##.....
 Confusing Touch          Hex            #.....       47%         1    ##.....
 Summon Small Mammal      Summ           #...         47%         1    ##.....
 Confuse                  Hex            #.......     85%         3    ####...
 Gell's Gravitas          Tloc           #.........   85%         3    ####...
 Petrify                  Tmut/Erth      #.......     99%         4    #####..
 Metabolic Englaciation   Hex/Ice        #.........   100%        5    ######.
 Yara's Violent Unravell  Hex/Tmut       #.........   100%        5    ######.


Dungeon Overview and Level Annotations

Branches:
Dungeon (10/15)            Temple (1/1) D:6            Lair (2/6) D:8
  Swamp: Lair:2-4    Shoals: Lair:2-4     Snake: Lair:2-4    Spider: Lair:2-4
    Orc: D:9-12

Altars:
Ashenzari
Cheibriados
Dithmenos
Elyvilon
Fedhas
Gozag
Hepliaklqana
Kikubaaqudgha
Makhleb
Nemelex Xobeh
Okawaru
Qazlal
Ru
Sif Muna
Trog
Uskayaw
Vehumet
Wu Jian
Xom
Yredelemnul
Zin
The Shining One

Shops:
D:9 %

Annotations:
D:8 2 transporters, Borgoz's ghost, novice HaGl
Lair:2 Fannar


Innate Abilities, Weirdness & Mutations

Your body is rotting away.
You thrive on raw meat.
You are immune to poison.
You have sharp fingernails.
You are carnivorous and can eat meat at any time.
Your flesh is cold resistant. (rC+)
You are immune to negative energy. (rN+++)
You do not regenerate when monsters are visible.
You are immune to unholy pain and torment.
You can survive without breathing.


Message History

The five-headed hydra bites you but does no damage. x2
Throwing (i - inventory. (/) - cycle)
B - a steel javelin (quivered)
Aim: a five-headed hydra (severely wounded, covered in acid)
You throw a steel javelin.
The steel javelin hits the five-headed hydra!
The five-headed hydra closely misses you.
The five-headed hydra bites you. x2
The five-headed hydra bites you but does no damage. x2
The porcupine misses you. The five-headed hydra bites you.
The five-headed hydra barely misses you. x2
The five-headed hydra bites you.
The five-headed hydra closely misses you.
The porcupine bites you!
Throwing (i - inventory. (/) - cycle)
C - 7 javelins (quivered)
Aim: a five-headed hydra (almost dead, covered in acid)
You throw a javelin. The javelin hits the five-headed hydra.
The porcupine bites you but does no damage.
The five-headed hydra completely misses you.
The five-headed hydra closely misses you. x2
The five-headed hydra bites you!
The five-headed hydra completely misses you.
Throwing (i - inventory. (/) - cycle)
C - 6 javelins (quivered)
Aim: a five-headed hydra (almost dead, covered in acid)
You throw a javelin. The javelin hits the five-headed hydra!
The porcupine barely misses you. The five-headed hydra bites you!
* * * LOW HITPOINT WARNING * * *
The five-headed hydra closely misses you.
The five-headed hydra misses you.
The five-headed hydra closely misses you.
The five-headed hydra barely misses you.
The porcupine barely misses you.
The five-headed hydra bites you but does no damage.
The five-headed hydra completely misses you.
The five-headed hydra misses you. The five-headed hydra bites you!
* * * LOW HITPOINT WARNING * * *
The five-headed hydra bites you.
* * * LOW HITPOINT WARNING * * *
Throwing (i - inventory. (/) - cycle)
C - 5 javelins (quivered)
Aim: a five-headed hydra (almost dead, covered in acid)
You throw a javelin. The javelin hits the five-headed hydra.
You kill the five-headed hydra!
Makhleb accepts your kill. The porcupine closely misses you.
The porcupine barely misses you.
You are struck by the porcupine's spines.
* * * LOW HITPOINT WARNING * * *
You hit the porcupine but do no damage. The porcupine barely misses you.
You are struck by the porcupine's spines.
* * * LOW HITPOINT WARNING * * *
You closely miss the porcupine. The porcupine bites you.
You die...

......#
#.....#
##....+
#.....#
..##..#
.##.....##
### ..#
..........#
......#
##........#
......#
###.....##
......#
#P.....##
##..#.#
#.......#
..# #
##...#@##
.# ##...(r#
.P ####..#
##(# ...
....#
(....#
F.....#
.......#


You could see a porcupine.

Vanquished Creatures
  A hydra (Lair:2)
  2 two-headed ogres (D:9)
  An ugly thing (D:8)
  2 black mambas
  2 spiny frogs
  2 komodo dragons
  A polar bear (Lair:2)
  4 blink frogs (Lair:2)
  A hippogriff (Lair:1)
  A spriggan (D:7)
  3 yaks (D:9)
  A hungry ghost (D:8)
  3 water moccasins
  A porcupine (Lair:2)
  An ice beast (D:6)
  A sky beast (D:7)
  3 black bears
  4 ogres
  A phantom (D:4)
  2 centaurs
  3 crocodiles
  A big kobold (D:8)
  5 bullfrogs
  3 scorpions
  A water moccasin skeleton (D:8)
  11 wights
  The ghost of Defined the Sneak, a weakling FoEn (D:5)
  A crimson imp (D:4)
  2 jellies (D:9)
  6 hounds
  7 orc priests
  Crazy Yiuf (D:4)
  A bullfrog skeleton (D:9)
  5 orc wizards
  2 iguanas
  Terence (D:3)
  5 worker ants
  2 worker ant zombies
  A hound skeleton (D:9)
  9 adders
  12 gnolls
  A shadow imp (D:4)
  2 adder zombies
  An ooze (D:2)
  An adder skeleton (D:4)
  A worm (D:2)
  2 dart slugs (D:1)
  4 leopard geckos
  24 orcs
  4 giant cockroaches
  11 goblins
  5 hobgoblins
  5 jackals
  8 kobolds
  A quokka (D:9)
  3 ball pythons
  5 bats
  4 frilled lizards
  A goblin zombie (D:4)
  4 hobgoblin zombies (D:4)
  A jackal skeleton (D:5)
  4 kobold skeletons (D:4)
  2 kobold zombies (D:4)
  A quokka skeleton (D:4)
  A quokka zombie (D:5)
  5 rats
218 creatures vanquished.

Vanquished Creatures (others)
  A gnoll shaman (D:8)
  An orc wizard (D:6)
  4 plants
6 creatures vanquished.

Grand Total: 224 creatures vanquished

Notes
Turn   | Place    | Note
-------+----------+-------------------------------------------
     0 | D:1      | MalarOregon the Ghoul Monk began the quest for the Orb.
     0 | D:1      | Reached XP level 1. HP: 19/19 MP: 0/0
    94 | D:1      | Reached XP level 2. HP: 20/26 MP: 1/1
   533 | D:1      | Reached XP level 3. HP: 33/33 MP: 2/2
  1068 | D:2      | Reached XP level 4. HP: 36/40 MP: 3/3
  1776 | D:3      | Found an ornate altar of the Wu Jian Council.
  1810 | D:2      | Reached XP level 5. HP: 16/47 MP: 4/4
  2528 | D:3      | Reached skill level 5 in Fighting
  2533 | D:3      | Reached skill level 5 in Unarmed Combat
  2543 | D:3      | Reached XP level 6. HP: 16/56 MP: 5/5
  2796 | D:3      | You fall through a shaft for 2 floors!
  2796 | D:5      | Entered Level 5 of the Dungeon
  2885 | D:4      | Noticed a phantom
  2953 | D:3      | Found a sparkling altar of Nemelex Xobeh.
  3009 | D:3      | Noticed Terence
  3113 | D:3      | Killed Terence
  3261 | D:3      | Reached XP level 7. HP: 31/62 MP: 6/6
  3505 | D:4      | Found a glowing golden altar of the Shining One.
  4551 | D:4      | Reached skill level 5 in Stealth
  4573 | D:4      | Reached XP level 8. HP: 34/73 MP: 7/7
  4916 | D:4      | Got a sapphire mace
  4920 | D:4      | Found a runed translucent door.
  4921 | D:4      | Noticed Crazy Yiuf
  5233 | D:5      | Noticed Defined's ghost (weakling FoEn)
  5235 | D:5      | Found a runed translucent door.
  6283 | D:6      | Found a staircase to the Ecumenical Temple.
  6317 | Temple   | Entered the Ecumenical Temple
  6411 | Temple   | Became a worshipper of Makhleb the Destroyer
  6411 | Temple   | Reached * piety under Makhleb
  6411 | Temple   | Reached ** piety under Makhleb
  7278 | D:7      | Reached skill level 1 in Invocations
  7359 | D:7      | Noticed a spriggan baker
  7377 | D:7      | Killed a spriggan baker
  7377 | D:7      | Reached XP level 9. HP: 31/82 MP: 7/9
  7671 | D:7      | Found a glowing silver altar of Zin.
  8619 | D:8      | Found a transporter.
  8619 | D:8      | Noticed a two-headed ogre
  8643 | D:8      | Noticed a moth of wrath
  8832 | D:8      | Found a staircase to the Lair.
  8833 | D:8      | Noticed a komodo dragon
  8955 | D:8      | Found a transporter.
  8963 | D:8      | Found a bloodstained altar of Trog.
  9046 | D:8      | Killed a komodo dragon
  9141 | D:8      | Noticed Borgoz's ghost (novice HaGl)
  9242 | D:5      | Killed Defined's ghost
  9341 | D:4      | Killed Crazy Yiuf
  9479 | D:9      | Noticed a two-headed ogre
  9481 | D:9      | Noticed a cyan ugly thing
  9497 | D:8      | Killed a cyan ugly thing
  9497 | D:8      | Reached skill level 10 in Fighting
  9497 | D:8      | Reached skill level 10 in Unarmed Combat
  9497 | D:8      | Reached XP level 10. HP: 59/91 MP: 11/11
  9771 | D:9      | Found Quopp's Food Shop.
  9877 | D:9      | Noticed a two-headed ogre
 10189 | D:9      | Reached *** piety under Makhleb
 10287 | D:9      | Killed a two-headed ogre
 10569 | D:9      | Killed a two-headed ogre
 10569 | D:9      | Reached skill level 5 in Invocations
 10715 | D:10     | Entered Level 10 of the Dungeon
 10826 | Lair:1   | Entered Level 1 of the Lair of Beasts
 11121 | Lair:1   | Noticed a black mamba
 11123 | Lair:1   | Noticed a spiny frog
 11150 | Lair:1   | Killed a spiny frog
 11150 | Lair:1   | Reached XP level 11. HP: 22/102 MP: 12/14
 11988 | Lair:2   | Noticed Fannar
 12635 | Lair:2   | Noticed a five-headed hydra
 12645 | Lair:2   | Killed a five-headed hydra
 12647 | Lair:2   | HP: 2/104 [porcupine's spines (12)]
 12647 | Lair:2   | Slain by a porcupine

Skill      XL: |  1  2  3  4  5  6  7  8  9 10 11 |
---------------+----------------------------------+-----
Fighting       | 4 5 7 8 10 11 | 11.9
Unarmed Combat | 4 5 6 8 10 11 | 11.9
Stealth        | 3 4 5 6 7 8 9 |  9.2
Invocations    | 1 3 5 6 |  6.2
Dodging        | |  2.6

Action                   |  1- 3 |  4- 6 |  7- 9 | 10-12 || total
-------------------------+-------+-------+-------+-------++-------
Melee: Unarmed           |    64 |   228 |   490 |   235 ||  1017
       Punch             |     2 |     5 |    15 |    14 ||    36
Throw: Javelin           |       |       |    38 |     7 ||    45
       Tomahawk          |       |       |     3 |       ||     3
Evoke: Wand              |       |       |     1 |     4 ||     5
  Use: Scroll            |       |       |    16 |       ||    16
       Potion            |       |       |     2 |       ||     2
 Stab: Sleeping          |     3 |     8 |     7 |    11 ||    29
       Distracted        |       |     1 |     1 |     2 ||     4
  Eat: Chunk             |       |    24 |    31 |    27 ||    82
       Ration            |       |       |       |     1 ||     1
Armor: Robe              |    17 |    39 |   102 |    40 ||   198
Dodge: Dodged            |    40 |   131 |   333 |   170 ||   674
